 Dungeon Crawl Stone Soup version 0.31-a0-774-g0d66cbabe8 (console) character file.

Game seed: 12644260680723044245

2618 jejorda2 the Cleaver (level 9, -2/74 HPs)
             Began as a Gnoll Berserker on Sept 17, 2023.
             Was an Elder of Trog.
             Succumbed to an orc wizard's poison
             ... on level 8 of the Dungeon.
             The game lasted 00:14:19 (6674 turns).

jejorda2 the Cleaver (Gnoll Berserker)              Turns: 6674, Time: 00:14:20

Health: -2/74      AC: 13    Str: 27    XL:     9   Next: 60%
Magic:  15/15      EV: 11    Int:  7    God:    Trog [****..]
Gold:   344        SH:  0    Dex: 11    Spells: 17/17 levels left

rFire   . . .        a - +0 war axe (elec)
rCold   . . .        (no shield)
rNeg    . . .        t - +0 chain mail
rPois   .            (no helmet)
rElec   .            (no cloak)
rCorr   .            n - +0 pair of gloves
SInv    .            m - +1 pair of boots
Will    ++...        u - amulet of magic regeneration Stlth
                     e - +6 ring of strength
HPRegen 1.32/turn    (no ring)
MPRegen 0.54/turn

%: no passive effects
@: lethally poisoned (-2 -> -9), strong-willed, on berserk cooldown,
regenerating, slowed, very slow
A: fangs 1, strong nose, distributed training
a: Renounce Religion, Berserk, Trog's Hand, Brothers in Arms


You were on level 8 of the Dungeon.
You worshipped Trog.
Trog was greatly pleased with you.
You visited 1 branch of the dungeon, and saw 8 of its levels.
You also visited: Ossuary.

You collected 344 gold pieces.

Inventory:

Hand Weapons
 a - a +0 war axe of electrocution (weapon)
 A - a +0 war axe
 F - a +3 heavy trident
Missiles
 b - 6 atropa-tipped darts
 p - 3 throwing nets
 y - 14 poisoned darts
 C - 3 boomerangs
Armour
 m - a +1 pair of boots (worn)
 n - a +0 pair of gloves (worn)
 t - a +0 chain mail (worn)
Jewellery
 e - a +6 ring of strength (left hand)
 s - a ring of fire
 u - an amulet of magic regeneration (around neck)
Wands
 l - a wand of charming (7)
 q - a wand of quicksilver (7)
Scrolls
 c - 2 scrolls of poison
 f - 3 scrolls of teleportation
 j - 3 scrolls of revelation
 k - a scroll of amnesia
 o - a scroll of fear
 r - a scroll of immolation
Potions
 d - 2 potions of curing
 g - a potion of might {unknown}
 h - 2 potions of brilliance
 i - 2 potions of degeneration {unknown}
 v - 2 potions of berserk rage {unknown}
 w - 2 potions of mutation {unknown}
 x - 2 potions of heal wounds {unknown}
 z - 2 potions of lignification
 B - 4 potions of attraction
 D - a potion of haste {unknown}
 E - a potion of enlightenment {unknown}


   Skills:
 + Level 8.0 Fighting
 + Level 4.5 Short Blades
 + Level 4.5 Long Blades
 + Level 8.0 Axes
 + Level 4.5 Maces & Flails
 + Level 4.5 Polearms
 + Level 4.5 Staves
 + Level 4.5 Ranged Weapons
 + Level 4.5 Throwing
 + Level 6.5 Armour
 + Level 6.5 Dodging
 + Level 4.5 Stealth
 + Level 4.5 Shields
 + Level 4.5 Unarmed Combat
 + Level 4.5 Spellcasting
 + Level 3.7 Conjurations
 + Level 3.7 Hexes
 + Level 3.7 Summonings
 + Level 3.7 Necromancy
 + Level 3.7 Translocations
 + Level 3.7 Transmutations
 + Level 3.7 Fire Magic
 + Level 3.7 Ice Magic
 + Level 3.7 Air Magic
 + Level 3.7 Earth Magic
 + Level 3.7 Poison Magic
 + Level 4.9 Invocations
 + Level 4.5 Evocations
 + Level 4.1 Shapeshifting


You had 17 spell levels left.
You didn't know any spells.
Your spell library was empty.

Dungeon Overview and Level Annotations

Branches:
Dungeon (8/15)             Temple (0/1) D:4         Ossuary (visited)
   Lair: D:8-11

Altars:
Cheibriados
Dithmenos
Elyvilon
Hepliaklqana
Makhleb
Nemelex Xobeh
Ru
Vehumet
Zin


Innate Abilities, Weirdness & Mutations

You have very sharp teeth.
Your uncanny sense of smell can sniff out nearby items.
Your experience applies equally to all skills.


Message History

A puff of flame appears from out of thin air!
The puff of flame misses you.
You barely miss something. Your bite misses something.
You feel sick. Something hits you but does no damage.
You are more poisoned.
You miss something.
You feel very sick. Something hits you but does no damage.
You are more poisoned.
Unknown command.
You miss something. Your punch misses something.
You feel very sick. Something hits you but does no damage.
You are lethally poisoned!
You closely miss something. Your bite misses something.
* * * LOW HITPOINT WARNING * * *
You feel very sick. Something hits you but does no damage.
You are more poisoned.
You slice something!! Trog accepts your kill.
Trog appreciates your killing of a magic user.
Reactivating autopickup.
You feel a bit more experienced.
* * * LOW HITPOINT WARNING * * *
You feel very sick.
* * * LOW HITPOINT WARNING * * *
You feel very sick.
Items here: ))))) [[[ †††.
You are too berserk!
You feel a strong urge to attack something.
* * * LOW HITPOINT WARNING * * *
You feel very sick.
* * * LOW HITPOINT WARNING * * *
You feel very sick.
Items here: ))))) [[[ †††.
You feel your anger nearly subside.
You are no longer berserk.
You are exhausted.
You feel yourself slow down.
You die... o

o. ..# ...#
### ...##
#.###.....#
##)@<....#
#.###...##
#.# .#.#
#.# .# .#
### ## #


There were no monsters in sight!

Vanquished Creatures
  Sigmund (D:3)
  Menkaure (D:6)
  A steam dragon (D:7)
  A water moccasin (D:7)
  An orc warrior (D:8)
  A sky beast (D:6)
  A kobold brigand (D:6)
  2 phantoms
  A gnoll sergeant (D:6)
  4 scorpions
  4 water moccasin zombies (Ossuary)
  3 wights (D:7)
  A howler monkey (D:7)
  A gnoll bouda (D:7)
  2 jellies
  10 hounds
  A sleepcap (D:6)
  3 iguanas
  4 orc wizards
  3 mummies
  14 gnolls
  7 adders
  A shadow imp (D:5)
  A white imp (D:5)
  2 ufetubi
  An adder zombie (Ossuary)
  4 worms
  2 dart slugs (D:3)
  9 orcs
  7 ball pythons
  3 bats
  11 endoplasms
  5 giant cockroaches
  11 gnoll zombies (Ossuary)
  6 goblins
  10 hobgoblins
  6 quokkas
  4 frilled lizards
  9 hobgoblin zombies
  11 kobolds
  5 kobold zombies (Ossuary)
  5 orc zombies
  7 rats
187 creatures vanquished.

Notes
Turn   | Place    | Note
-------+----------+-------------------------------------------
     0 | D:1      | jejorda2 the Gnoll Berserker began the quest for the Orb.
     0 | D:1      | Reached XP level 1. HP: 23/23 MP: 1/1
   154 | D:1      | Reached XP level 2. HP: 29/29 MP: 2/2
   665 | D:1      | Reached XP level 3. HP: 35/35 MP: 3/3
   834 | D:2      | Reached skill level 1 in Invocations
   930 | D:2      | Reached skill level 1 in Short Blades
   930 | D:2      | Reached skill level 1 in Long Blades
   930 | D:2      | Reached skill level 1 in Maces & Flails
   930 | D:2      | Reached skill level 1 in Polearms
   930 | D:2      | Reached skill level 1 in Staves
   930 | D:2      | Reached skill level 1 in Ranged Weapons
   930 | D:2      | Reached skill level 1 in Throwing
   930 | D:2      | Reached skill level 1 in Stealth
   930 | D:2      | Reached skill level 1 in Shields
   930 | D:2      | Reached skill level 1 in Unarmed Combat
   930 | D:2      | Reached skill level 1 in Spellcasting
   930 | D:2      | Reached skill level 1 in Evocations
   933 | D:2      | Reached skill level 1 in Shapeshifting
   933 | D:2      | Reached XP level 4. HP: 41/41 MP: 5/5
  1230 | D:2      | Reached skill level 1 in Conjurations
  1230 | D:2      | Reached skill level 1 in Hexes
  1230 | D:2      | Reached skill level 1 in Summonings
  1230 | D:2      | Reached skill level 1 in Necromancy
  1230 | D:2      | Reached skill level 1 in Translocations
  1230 | D:2      | Reached skill level 1 in Transmutations
  1230 | D:2      | Reached skill level 1 in Fire Magic
  1230 | D:2      | Reached skill level 1 in Ice Magic
  1230 | D:2      | Reached skill level 1 in Air Magic
  1230 | D:2      | Reached skill level 1 in Earth Magic
  1230 | D:2      | Reached skill level 1 in Poison Magic
  1694 | D:3      | Reached ** piety under Trog
  1805 | D:3      | Reached XP level 5. HP: 47/47 MP: 6/6
  1994 | D:3      | Noticed Sigmund
  2008 | D:3      | Killed Sigmund
  2009 | D:3      | Reached skill level 5 in Armour
  2009 | D:3      | Reached skill level 5 in Dodging
  2009 | D:3      | Reached XP level 6. HP: 53/53 MP: 7/9
  2303 | D:3      | Found a white marble altar of Elyvilon.
  2384 | D:3      | Found a burning altar of Makhleb.
  2388 | D:3      | Found a glowing silver altar of Zin.
  2388 | D:3      | Noticed an Executioner
  2388 | D:3      | Noticed an angel
  2489 | D:3      | Found a faded altar of an unknown god.
  2662 | D:4      | Found a sacrificial altar of Ru.
  2768 | D:4      | Found a staircase to the Ecumenical Temple.
  2860 | D:4      | Found a snail-covered altar of Cheibriados.
  2939 | D:4      | Found a radiant altar of Vehumet.
  3119 | D:4      | Reached *** piety under Trog
  3120 | D:4      | Reached XP level 7. HP: 57/60 MP: 10/10
  3268 | D:5      | Entered Level 5 of the Dungeon
  3346 | D:5      | Found a sand-covered staircase.
  3356 | Ossuary  | Entered an ossuary
  3695 | D:5      | Reached XP level 8. HP: 65/67 MP: 12/12
  3855 | D:5      | Found a shadowy altar of Dithmenos.
  4171 | D:5      | Found a hazy altar of Hepliaklqana.
  4562 | D:6      | Identified the +4 spear of Fipenaty {drain, rC+}
  4715 | D:6      | Reached **** piety under Trog
  5093 | D:6      | Noticed Menkaure
  5096 | D:6      | Killed Menkaure
  5097 | D:6      | Reached XP level 9. HP: 29/73 MP: 14/14
  6342 | D:7      | Found a sparkling altar of Nemelex Xobeh.
  6672 | D:8      | HP: 3/111 [poisoned by an orc wizard]
  6673 | D:8      | HP: 1/111 [poisoned by an orc wizard]
  6674 | D:8      | Succumbed to an orc wizard's poison

Illustrated notes

Levels and vault maps discovered:
D:1:      doesnt_arrival_eight_statues, layout_basic
D:2:      layout_basic
D:3:      minmay_bubble_buster, layout_loops_ring,
          grunt_temple_overflow_order_and_chaos_2, elyvilon_altar_5,
          hellmonk_ecumenical_altar_leap_of_faith, nicolae_titane, uniq_sigmund
D:4:      layout_rooms, mainiacjoe_overflow_alcove_2, slow_altar_2,
          mainiacjoe_overflow_cross_hatched, minmay_temple_entry_crystal_x,
          grunt_tough_drop
D:5:      nicolae_cairo_tiling_very_big, layout_basic,
          grunt_dithmenos_smoke_and_mirrors, worldfamousw_hep_ancestral_shrine,
          nicolae_ossuary_entry_ruins
D:6:      layout_loops_ring, grunt_ministairs_14, uniq_menkaure
D:7:      layout_loops_cross, nemelex_diamond_rough_becter, minmay_mini_ossuary
D:8:      layout_layer_cave, trog_butcher_becter

Skill      XL: |  1  2  3  4  5  6  7  8  9 |
---------------+----------------------------+-----
Invocations    | 1 2 3 4 |  4.9
Short Blades   | 1 2 3 4 |  4.5
Long Blades    | 1 2 3 4 |  4.5
Maces & Flails | 1 2 3 4 |  4.5
Polearms       | 1 2 3 4 |  4.5
Staves         | 1 2 3 4 |  4.5
Ranged Weapons | 1 2 3 4 |  4.5
Throwing       | 1 2 3 4 |  4.5
Stealth        | 1 2 3 4 |  4.5
Shields        | 1 2 3 4 |  4.5
Unarmed Combat | 1 2 3 4 |  4.5
Spellcasting   | 1 2 3 4 |  4.5
Evocations     | 1 2 3 4 |  4.5
Shapeshifting  | 1 2 3 4 |  4.1
Conjurations   | 1 2 3 |  3.7
Hexes          | 1 2 3 |  3.7
Summonings     | 1 2 3 |  3.7
Necromancy     | 1 2 3 |  3.7
Translocations | 1 2 3 |  3.7
Transmutations | 1 2 3 |  3.7
Fire Magic     | 1 2 3 |  3.7
Ice Magic      | 1 2 3 |  3.7
Air Magic      | 1 2 3 |  3.7
Earth Magic    | 1 2 3 |  3.7
Poison Magic   | 1 2 3 |  3.7
Armour         | 5 6 |  6.5
Dodging        | 5 6 |  6.5
Fighting       | 7 8 |  8.0
Axes           | 7 8 |  8.0

Action                     |  1- 3 |  4- 6 |  7- 9 || total
---------------------------+-------+-------+-------++-------
  Melee: Hand axe          |    64 |    85 |       ||   149
         Bite              |     4 |    12 |    37 ||    53
         Punch             |     1 |     1 |     8 ||    10
         War axe           |       |    47 |   304 ||   351
         Halberd           |       |    24 |       ||    24
 Invoke: Berserk           |     2 |     2 |     2 ||     6
         Trog's Hand       |       |     1 |     1 ||     2
    Use: Scroll            |       |       |    15 ||    15
         Potion            |       |       |     1 ||     1
 Armour: Scale mail        |    29 |    38 |       ||    67
         Leather armour    |     1 |       |       ||     1
         Animal skin       |     1 |       |       ||     1
         Chain mail        |       |    40 |   205 ||   245
  Dodge: Dodged            |    30 |    93 |   123 ||   246

Table legend: (Time is in decaauts)
 A = Elapsed time spent in this place.
 B = Non-inter-level travel time spent in this place.
 C = Inter-level travel time spent in this place.
 D = Time resting spent in this place.
 E = Time spent auto-exploring this place.
 F = Levels seen in this place.
 G = Mean time per level.
                   A        B        C        D        E       F      G
               +--------+--------+--------+--------+--------+-----+--------+
         Total |   6760 |   6463 |    297 |    339 |   4921 |   9 |  751.1 |
       Dungeon |   6473 |   6176 |    297 |    339 |   4750 |   8 |  809.1 |
       Ossuary |    287 |    287 |      0 |      0 |    171 |   1 |  287.0 |
               +--------+--------+--------+--------+--------+-----+--------+

Top non-repeatable levels by time:
     D:6: 1162 daAuts
     D:3: 1057 daAuts
     D:5: 1014 daAuts
     D:7: 942 daAuts
     D:2: 819 daAuts
     D:1: 808 daAuts
     D:4: 626 daAuts
 Ossuary: 287 daAuts
     D:8: 43 daAuts
